 Dungeon Crawl Stone Soup version 0.32-a0-818-gb728d0252e (webtiles) character file.

Game seed: 2446619496753098901

6013 croobank the Covert (level 10, 0/51 HPs)
             Began as a Felid Summoner on Mar 23, 2024.
             Was a Believer of Kikubaaqudgha.
             Killed from afar by an electric eel (13 damage)
             ... with a bolt of electricity
             ... on level 9 of the Dungeon.
             The game lasted 00:34:13 (11083 turns).

croobank the Covert (Felid Summoner)               Turns: 11083, Time: 00:34:13

Health: 0/51       AC:  2    Str:  4    XL:     10   Next: 56%
Magic:  7/21       EV: 22    Int: 22    God:    Kikubaaqudgha [**....]
Gold:   371        SH:  0    Dex: 18    Spells: 9/23 levels left
                                        Lives:  0   Deaths: 4

rFire   + . .        (weapon unavailable)
rCold   . . .        (shield unavailable)
rNeg    . . .        (body armour unavailable)
rPois   .            (helmet unavailable)
rElec   .            (cloak unavailable)
rCorr   .            (gloves unavailable)
SInv    +            (boots unavailable)
Will    +....        (no amulet)
Stlth   ++           r - ring of wizardry
HPRegen 0.28/turn    j - ring of protection from fire
MPRegen 0.17/turn

%: wizardry (x1)
@: inugami summoned, very slow
A: very small, claws 1, fangs 3, see invisible, shaggy fur 2, stealthy paws, no
weapons or thrown items, no armour, multi-lived
a: Renounce Religion, Unearth Wretches


You were on level 9 of the Dungeon.
You worshipped Kikubaaqudgha.
Kikubaaqudgha was pleased with you.
You visited 2 branches of the dungeon, and saw 10 of its levels.

You collected 371 gold pieces.

Inventory:

Jewellery
 j - a ring of protection from fire (right paw)
 o - a ring of fire
 r - a ring of wizardry (left paw)
 v - a ring of magical power
Wands
 d - a wand of flame (27)
 e - a wand of mindburst (14)
 k - a wand of quicksilver (8)
 s - a wand of charming (5)
Scrolls
 g - a scroll of fog
 h - 6 scrolls of teleportation
 t - a scroll of blinking
 u - a scroll of revelation
Potions
 a - 2 potions of magic
 b - 5 potions of haste
 c - 2 potions of ambrosia
 f - 3 potions of brilliance
 i - 5 potions of curing
 l - 7 potions of attraction
 m - 3 potions of lignification
 n - a potion of enlightenment
 p - a potion of might


   Skills:
 + Level 5.2 Fighting
 + Level 8.4 Dodging
 + Level 9.0 Stealth
 * Level 7.2 Spellcasting
 + Level 7.2 Summonings
 - Level 5.0 Fire Magic
 * Level 4.7 Air Magic


You had 9 spell levels left.
You knew the following spells:

 Your Spells              Type           Power      Damage    Failure   Level
a - Summon Small Mammal   Summ           100%       N/A       1%          1
b - Call Imp              Summ           78%        N/A       1%          2
c - Call Canine Familiar  Summ           39%        N/A       1%          3
d - Summon Blazeheart Go  Fire/Summ      34%        N/A       2%          4
e - Summon Lightning Spi  Summ/Air       34%        N/A       2%          4

Your spell library contained the following spells:

 Spells                   Type           Power      Damage    Failure   Level
 Cigotuvi's Dreadful Rot  Necr/Alch/Air  28%        N/A       2%          2
 Inner Flame              Hex/Fire       18%        N/A       3%          3
 Sublimation of Blood     Necr           7%         N/A       4%          2
 Dazzling Flash           Conj/Hex       14%        N/A       10%         3
 Fugue of the Fallen      Necr           7%         N/A       10%         3
 Vampiric Draining        Necr           7%         2d6       10%         3
 Irradiate                Conj/Alch      3%         3d12      63%         5
 Summon Hydra             Summ           19%        N/A       77%         7
 Starburst                Conj/Fire      9%         6d5       85%         6
 Spellforged Servitor     Conj/Summ      11%        N/A       99%         7
 Orb of Destruction       Conj           3%         9d5       100%        7
 Ignition                 Fire           14%        3d6       100%        8
 Maxwell's Capacitive Co  Air            14%        ∞         100%        8


Dungeon Overview and Level Annotations

Branches:
Dungeon (9/15)             Temple (1/1) D:5             Orc (0/2) D:9
   Lair: D:8-11

Altars:
Ashenzari
Cheibriados
Dithmenos
Elyvilon
Fedhas
Gozag
Hepliaklqana
Kikubaaqudgha
Makhleb
Nemelex Xobeh
Okawaru
Qazlal
Ru
Sif Muna
Trog
Uskayaw
Vehumet
Wu Jian
Xom
Yredelemnul
Zin
The Shining One

Shops:
D:3 :

Annotations:
D:4 Grinder
D:9 Prince Ribbit


Innate Abilities, Weirdness & Mutations

You have sharp claws.
You have razor-sharp teeth.
You have supernaturally acute eyesight. (SInv)
You are covered in thick fur. (AC +2)
Your paws help you pounce on unaware monsters.
You are incapable of wielding weapons or throwing items.
You cannot wear armour.
You gain extra lives every three experience levels.


Message History

Your lightning spire shoots out a bolt of lightning at the killer bee!
The bolt of electricity hits the killer bee!
Okay, then.
As you read the scroll of fog, it dissolves into smoke.
The killer bee stings your lightning spire but does no damage. x2
You enter the shallow water.
Moving in this stuff is going to be slow.
Your lightning spire disappears in a puff of smoke!
The killer bee stings your blazeheart golem.
The killer bee stings your blazeheart golem but does no damage.
The killer bee stings your blazeheart golem.
The killer bee stings your blazeheart golem but does no damage.
Your blazeheart golem misses the killer bee.
The killer bee barely misses your blazeheart golem.
The killer bee stings your blazeheart golem.
The killer bee stings your blazeheart golem but does no damage.
The killer bee stings your blazeheart golem.
Your blazeheart golem closely misses the killer bee.
The killer bee stings your blazeheart golem but does no damage.
The killer bee stings your blazeheart golem but does no damage. x2
The killer bee stings your blazeheart golem but does no damage.
Your blazeheart golem completely misses the killer bee.
The killer bee stings your blazeheart golem.
Casting: Summon Blazeheart Golem (dangerous; 2% risk of failure)
Confirm with . or Enter, or press ? or * to list all spells.
You call for your canine familiar and it appears with a howl!
The killer bee stings your blazeheart golem but does no damage.
The killer bee stings your blazeheart golem!
Casting: Call Canine Familiar (safe; 1% risk of failure)
Confirm with . or Enter, or press ? or * to list all spells.
A tiny devil pulls itself out of the air.
Your cerulean imp says, "I'm here!"
The killer bee stings your blazeheart golem but does no damage.
Your blazeheart golem punches the killer bee!!
The killer bee dies!
Kikubaaqudgha accepts your kill.
The electric eel shoots out a bolt of lightning at you!
The bolt of electricity hits you!
You die...
Kikubaaqudgha rasps: You have failed me!
Welcome... death!

#≈≈≈≈~..~≈≈≈≈≈~.~...
#≈≈≈≈~..(~≈≈≈~....~.
#≈≈≈≈≈~..~≈≈....~.~.
#≈≈≈≈≈~..~~~>~ ~..[
#≈≈~~≈§.....>. ~≈≈~
#§§§§§§.~~≈~~~ ≈≈≈≈
#§§h§S§~≈~≈≈≈§ ≈≈≈≈
#§§9§§§~S≈≈≈≈≈
#§≈@5§.†≈≈≈≈≈§
#§≈≈§≈[≈≈≈≈≈≈≈
#≈§≈≈~.†≈≈≈≈≈≈
#≈≈≈≈~.~≈≈≈≈≈≈
#≈≈≈≈≈<~≈≈≈≈≈≈
#≈≈≈≈≈≈≈≈≈≈≈≈≈
#≈≈≈≈≈≈≈≈≈≈≈≈≈
#≈≈≈≈≈≈≈≈≈≈≈≈≈
##############


You could see an electric eel (ally target), a friendly blazeheart golem
(summoned), a friendly cerulean imp (summoned) and a friendly inugami
(summoned).

Vanquished Creatures
  A kobold demonologist (D:8)
  A nameless horror (D:5)
  5 yaks
  Edmund (D:5)
  An acid dragon (D:9)
  Duvessa (D:7)
  3 water moccasins
  2 ice beasts
  An ogre (D:6)
  A centaur (D:7)
  2 scorpions
  4 wights
  4 killer bees (D:9)
  A howler monkey (D:8)
  5 electric eels (D:9)
  A bombardier beetle (D:7)
  A jelly (D:6)
  7 gnolls
  2 orcs
  2 endoplasms
  5 goblins
  2 hobgoblins (D:4)
  A jackal (D:4)
  A kobold (D:3)
  A quokka (D:1)
  2 bats (D:1)
58 creatures vanquished.

Vanquished Creatures (collateral kills)
  6 yaks
  A steam dragon (D:8)
  A black bear (D:5)
  2 ogres
  2 centaurs (D:8)
  2 kobold brigands (D:7)
  A bullfrog (D:6)
  7 wights
  Dowan (D:7)
  3 killer bees (D:9)
  3 howler monkeys
  A nameless horror (D:8)
  2 jellies
  2 bombardier beetles
  2 gnoll boudas
  5 hounds
  2 orc priests
  3 iguanas
  2 sleepcaps
  5 orc wizards
  Robin (D:2)
  11 gnolls
  3 adders
  A white imp (D:7)
  An ufetubus (D:7)
  2 ribbon worms (D:2)
  2 dart slugs
  32 orcs
  5 ball pythons
  2 endoplasms (D:1)
  3 giant cockroaches
  11 goblins
  9 hobgoblins
  9 jackals
  9 bats
  A frilled lizard (D:2)
  8 kobolds
  7 rats
170 creatures vanquished.

Vanquished Creatures (others)
  18 blazeheart cores
18 creatures vanquished.

Grand Total: 246 creatures vanquished

Notes
Turn   | Place    | Note
-------+----------+-------------------------------------------
     0 | D:1      | croobank the Felid Summoner began the quest for the Orb.
     0 | D:1      | Reached XP level 1. HP: 9/9 MP: 4/4
   363 | D:1      | Reached skill level 3 in Stealth
   503 | D:1      | Reached XP level 2. HP: 13/13 MP: 3/6
   506 | D:1      | Learned a level 2 spell: Call Imp
  1078 | D:1      | Reached XP level 3. HP: 16/16 MP: 2/7
  1088 | D:1      | Learned a level 3 spell: Call Canine Familiar
  1142 | D:1      | Found a faded altar of an unknown god.
  1391 | D:2      | Slain by a gnoll
  1391 | D:2      | Lost a life (0 lives remaining)
  1701 | D:2      | Reached XP level 4. HP: 21/21 MP: 0/8
  1701 | D:2      | Gained a life (1 life remaining)
  1841 | D:2      | Identified the +1 helmet of Zusoebb {rN+}
  1841 | D:2      | Noticed Robin
  2058 | D:2      | Reached skill level 4 in Stealth
  2998 | D:2      | Killed Robin
  3081 | D:3      | Noticed a water moccasin
  3096 | D:3      | Killed a water moccasin
  3097 | D:3      | Reached XP level 5. HP: 9/24 MP: 6/10
  3224 | D:3      | Learned a level 4 spell: Summon Blazeheart Golem
  3521 | D:3      | Found Apnis's Book Emporium.
  3521 | D:3      | Noticed a walking crystal tome
  3521 | D:3      | Noticed a walking crystal tome
  3530 | D:3      | Reached skill level 5 in Stealth
  4042 | D:4      | Noticed Grinder
  4048 | D:4      | Paralysed by Grinder for 5 turns
  4052 | D:4      | Mangled by Grinder
  4052 | D:4      | Lost a life (0 lives remaining)
  4157 | D:4      | Gained mutation: You are covered in thick fur. (AC +2)
                  | [Felid growth]
  4157 | D:4      | Reached XP level 6. HP: 28/28 MP: 1/11
  4520 | D:4      | Reached skill level 5 in Summonings
  4718 | D:5      | Entered Level 5 of the Dungeon
  4746 | D:5      | Reached skill level 1 in Fire Magic
  4911 | D:5      | Noticed Edmund
  4923 | D:5      | Killed Edmund
  4924 | D:5      | Reached skill level 1 in Fighting
  4924 | D:5      | Reached skill level 5 in Dodging
  5161 | D:5      | Found a staircase to the Ecumenical Temple.
  5171 | Temple   | Entered the Ecumenical Temple
  5222 | Temple   | Became a worshipper of Kikubaaqudgha
  5277 | D:5      | Reached XP level 7. HP: 33/33 MP: 8/13
  5277 | D:5      | Gained a life (1 life remaining)
  5616 | D:5      | Slain by an ogre
  5616 | D:5      | Lost a life (0 lives remaining)
  5646 | D:5      | Reached skill level 6 in Stealth
  5734 | D:5      | Learned a level 4 spell: Summon Lightning Spire
  5975 | D:6      | Reached XP level 8. HP: 39/39 MP: 11/15
  5980 | D:6      | Noticed a nameless horror
  6017 | D:5      | Killed a nameless horror
  6440 | D:6      | Found a shimmering altar of Xom.
  6440 | D:6      | Found a glowing golden altar of the Shining One.
  6497 | D:6      | Reached * piety under Kikubaaqudgha
  6497 | D:6      | Received a gift from Kikubaaqudgha
  7233 | D:6      | Identified a scroll of acquirement
  7233 | D:6      | Acquired a ring of wizardry
  7280 | D:6      | Reached skill level 7 in Stealth
  8034 | D:7      | Reached skill level 5 in Spellcasting
  8132 | D:7      | Noticed Dowan
  8145 | D:7      | Killed Dowan
  8165 | D:7      | Noticed Duvessa
  8174 | D:7      | Killed Duvessa
  8340 | D:7      | Reached XP level 9. HP: 31/44 MP: 9/17
  8561 | D:7      | Reached skill level 1 in Air Magic
  8635 | D:7      | Reached skill level 5 in Fire Magic
  8907 | D:7      | Reached ** piety under Kikubaaqudgha
  9299 | D:8      | Reached skill level 8 in Stealth
  9323 | D:8      | HP: 2/46 [yak (8)]
  9324 | D:8      | Reached XP level 10. HP: 2/51 MP: 1/20
  9324 | D:8      | Gained a life (1 life remaining)
  9325 | D:8      | Mangled by a yak
  9325 | D:8      | Lost a life (0 lives remaining)
 10756 | D:9      | Reached skill level 5 in Fighting
 10758 | D:9      | Noticed an orange demon
 10760 | D:9      | Noticed Prince Ribbit
 10764 | D:9      | Found a staircase to the Orcish Mines.
 11072 | D:9      | Reached skill level 9 in Stealth
 11083 | D:9      | Killed from afar by an electric eel

Illustrated notes

Levels and vault maps discovered:
D:1:      onia_arrival_pyramid, layout_basic, serial_forest,
          infiniplex_forest_clump_double, infiniplex_forest_straight_3,
          infiniplex_forest_clump_double, infiniplex_forest_corner_2,
          infiniplex_forest_clump_large, infiniplex_forest_clump_small,
          ebering_ecumenical_altar_rust, grunt_decor_arrowhead,
          minmay_close_crescents
D:2:      layout_basic, uniq_robin
D:3:      layout_rooms, serial_shops, nicolae_shop_mannequins
D:4:      layout_loops_ring, chequers_serial_rivers_micro_c, uniq_grinder
D:5:      layout_basic, minmay_temple_entry_ruins, uniq_edmund
D:6:      layout_basic, grunt_temple_overflow_open
D:7:      minmay_recursive_quarters, layout_rooms, minmay_quadrilaterals,
          uniq_duvessa
D:8:      layout_basic
D:9:      layout_basic, gammafunk_ghost_grave, corexii_hall_statues_i,
          uniq_prince_ribbit1, uniq_amaemon
Temple:   mainiacjoe_temple_cubbyholes

Skill      XL: |  1  2  3  4  5  6  7  8  9 10 |
---------------+-------------------------------+-----
Dodging        | 3 4 5 6 7 8 |  8.4
Stealth        | 3 4 5 6 7 8 9 |  9.0
Spellcasting   | 3 4 5 6 7 |  7.2
Summonings     | 5 6 7 |  7.2
Fire Magic     | 1 3 4 5 |  5.0
Fighting       | 1 2 3 4 5 |  5.2
Air Magic      | 3 4 |  4.7

Action                     |  1- 3 |  4- 6 |  7- 9 | 10-12 || total
---------------------------+-------+-------+-------+-------++-------
  Melee: Unarmed           |    23 |    31 |    49 |    27 ||   130
         Bite              |     4 |     4 |     7 |     3 ||    18
         Punch             |       |       |     1 |     1 ||     2
   Cast: Summon Small Mamm |    39 |    30 |    35 |     9 ||   113
         Call Imp          |    16 |    19 |    30 |     7 ||    72
         Call Canine Famil |     6 |    18 |    19 |     5 ||    48
         Summon Blazeheart |       |     2 |    25 |     9 ||    36
         Summon Lightning  |       |       |     1 |     4 ||     5
  Evoke: Wand              |       |     1 |     1 |    10 ||    12
    Use: Scroll            |     3 |     7 |    10 |     4 ||    24
         Potion            |     3 |       |     1 |       ||     4
   Stab: Sleeping          |     1 |     5 |     3 |     1 ||    10
         Distracted        |     2 |     1 |     2 |     1 ||     6
 Armour: Skin              |    16 |    24 |    43 |    23 ||   106
  Dodge: Dodged            |    37 |    46 |   126 |    67 ||   276

Table legend: (Time is in decaauts)
 A = Elapsed time spent in this place.
 B = Non-inter-level travel time spent in this place.
 C = Inter-level travel time spent in this place.
 D = Time resting spent in this place.
 E = Time spent auto-exploring this place.
 F = Levels seen in this place.
 G = Mean time per level.
                   A        B        C        D        E       F      G
               +--------+--------+--------+--------+--------+-----+--------+
         Total |  11095 |  10637 |    458 |   2375 |   5899 |  10 | 1109.5 |
       Dungeon |  10995 |  10635 |    360 |   2375 |   5899 |   9 | 1221.7 |
        Temple |    100 |      2 |     98 |      0 |      0 |   1 |  100.0 |
               +--------+--------+--------+--------+--------+-----+--------+

Top non-repeatable levels by time:
     D:6: 1809 daAuts
     D:2: 1804 daAuts
     D:8: 1708 daAuts
     D:5: 1328 daAuts
     D:7: 1287 daAuts
     D:1: 1248 daAuts
     D:3: 837 daAuts
     D:4: 822 daAuts
     D:9: 148 daAuts
  Temple: 100 daAuts
